 Dungeon Crawl Stone Soup version 0.21-a0-228-g14ccbf3 (webtiles) character file.

85 Gorglomux the Ducker (level 4, -11/29 HPs)
             Began as a Kobold Monk on Aug 31, 2017.
             Mangled by a wyvern zombie (14 damage)
             ... on level 3 of the Dungeon.
             The game lasted 00:07:54 (2992 turns).

Gorglomux the Ducker (Kobold Monk)                  Turns: 2992, Time: 00:07:55

Health: -11/29     AC:  5    Str:  9    XL:     4   Next: 75%
Magic:  4/4        EV: 12    Int: 11    God:
Gold:   134        SH:  0    Dex: 17    Spells: 3/3 levels left

rFire    . . .     SeeInvis .   a - +0 short sword
rCold    . . .     Gourm    .   (shield restricted)
rNeg     . . .     Faith    .   E - -1 scale mail (curse)
rPois    .         Spirit   .   (no helmet)
rElec    .         Reflect  .   (no cloak)
rCorr    .         Harm     .   (no gloves)
MR       .....                  (no boots)
Stlth    ++........             (no amulet)
HPRegen  0.09/turn              x - ring of stealth
MPRegen  0.09/turn              (no ring)

@: no status effects
A: carnivore 3
a: no special abilities


You were on level 3 of the Dungeon.
You were completely stuffed.

You visited 1 branch of the dungeon, and saw 3 of its levels.

You collected 134 gold pieces.

Inventory:

Hand Weapons
 a - a +0 short sword (weapon)
Armour
 b - a +0 robe
 E - a cursed -1 scale mail (worn)
Jewellery
 x - a ring of stealth (left hand)
 N - an uncursed amulet of faith {unknown}
Scrolls
 A - 2 scrolls of teleportation {unknown}
 H - a scroll of magic mapping {unknown}
 J - a scroll of identify {unknown}
 K - 2 scrolls of remove curse {unknown}
 M - a scroll of enchant weapon {unknown}
Potions
 C - a potion of haste {unknown}
 D - a potion of flight
 F - a potion of mutation {unknown}
 G - a potion of degeneration {unknown}
 L - a potion of cancellation {unknown}
Comestibles
 z - 2 meat rations
 O - 2 chunks of flesh
 P - a royal jelly


   Skills:
 + Level 4.0 Fighting
 + Level 4.9 Short Blades
 + Level 5.0 Dodging
 - Level 2.6 Stealth


You had 3 spell levels left.
You didn't know any spells.

Dungeon Overview and Level Annotations

Branches:
Dungeon (3/15)

Altars:


Innate Abilities, Weirdness & Mutations

You are small and have problems with some larger weapons.
You are carnivorous and can eat meat at any time.


Message History

No target in view!!!
No butt in view!!!
Found a stone staircase leading down!
Some of the chunks of flesh in your inventory have rotted away!
There is a stone staircase leading down here!
There is a stone staircase leading down here!
A wyvern zombie comes into view!
A butt zombie is nearby!!!
A wyvern zombie butts nearby!!!
Some of the chunks of flesh in your inventory have rotted away!
There is a stone staircase leading down here!
The wyvern zombie barely misses you!
The wyvern zombie barely misses butt!
The wyvern zombie bites you!!!
Some of the chunks of flesh in your inventory have rotted away!
The wyvern zombie closely misses you!
The butt zombie bites you!!! * * * don't die
* * * The wyvern zombie bites butt!!! rip

#.#
#..........##.........
#.#
##...#รท######..######.
#.. .....##.# #..# #.
### .######.### #..# ##
#.....# #..#
###.###.####..######
... #.##..........
###.###.##.#..#####
#.@......#..# ###
###Z######.># #..
#.####....# ###..
#.#####.#.......# #....
#.......#.......# #....
######..#.......# #.)..
#..........# ###..
#.##.......# #..
#.##.......# ###..


You could see a wyvern zombie.

Vanquished Creatures
  4 adders
  A worm (D:2)
  An orc (D:3)
  A giant cockroach (D:1)
  2 goblins
  8 hobgoblins
  2 quokkas
  3 ball pythons
  6 bats
  5 frilled lizards
  7 kobolds
  7 rats
47 creatures vanquished.

Notes
Turn   | Place    | Note
-------+----------+-------------------------------------------
     0 | D:1      | Gorglomux the Kobold Monk began the quest for the Orb.
     0 | D:1      | Reached XP level 1. HP: 14/14 MP: 1/1
   736 | D:1      | Reached XP level 2. HP: 8/19 MP: 2/2
  1031 | D:1      | Reached skill level 4 in Dodging
  1459 | D:2      | Reached XP level 3. HP: 23/23 MP: 3/3
  1887 | D:2      | Reached XP level 4. HP: 19/29 MP: 4/4
  2917 | D:3      | Reached skill level 5 in Dodging
  2992 | D:3      | Mangled by a wyvern zombie

Vault maps used:
D:1:      scummos_arrival_hexagon
D:2:      serial_glass, glass_columns_b, glass_columns_b, first_bread,
          kennysheep_cluttered_room, minmay_misc_feat_ornament

Skill      XL: |  1  2  3  4 |
---------------+-------------+-----
Dodging        | 4 5 |  5.0
Fighting       | 4 |  4.0
Short Blades   | |  4.9
Stealth        | |  2.6

Action                   |  1- 3 |  4- 6 || total
-------------------------+-------+-------++-------
Melee: Short sword       |   125 |   105 ||   230
  Use: Potion            |     2 |       ||     2
 Stab: Sleeping          |     5 |     2 ||     7
  Eat: Chunk             |    11 |     4 ||    15
Armor: Scale mail        |    28 |    18 ||    46
Dodge: Dodged            |    73 |    52 ||   125

Table legend:
 A = Spawn XP
 B = Non-spawn XP
 C = Spawn XP percentage of total XP
 D = Spawn monster count
 E = Non-spawn monster count
 F = Spawn count percentage of total count
 G = Total turns spent on level
                    A         B        C        D         E        F      G
               +---------+---------+-------+---------+---------+-------+---------
         Total |      26 |      96 |  21.3 |      10 |      37 |  21.3 |  2992
               +---------+---------+-------+---------+---------+-------+---------
           D:1 |       6 |      14 |  30.0 |       5 |       9 |  35.7 |  1272
           D:2 |      20 |      50 |  28.6 |       5 |      16 |  23.8 |  1368
           D:3 |       0 |      32 |   0.0 |       0 |      12 |   0.0 |   352
               +---------+---------+-------+---------+---------+-------+---------
